 Dungeon Crawl Stone Soup version 0.27-a0-1301-g128193abf8 (webtiles) character file.

Game seed: 12699101325901199754

2235 Wyvernaa the Basher (level 9, -1/74 HPs)
             Began as a Minotaur Fighter on June 18, 2021.
             Was an Elder of Zin.
             Killed by an exploding orc (16 damage)
             ... ignited by their inner flame
             ... on level 8 of the Dungeon.
             The game lasted 00:15:43 (7764 turns).

Wyvernaa the Basher (Minotaur Fighter)              Turns: 7764, Time: 00:15:44

Health: -1/74      AC:  7    Str: 23    XL:     9   Next: 14%
Magic:  9/9        EV:  9    Int:  5    God:    Zin [****..]
Gold:   705        SH: 11    Dex: 11    Spells: 10/10 levels left

rFire    + . .     SeeInvis .   a - +1 flail
rCold    . . .     Faith    .   c - +0 kite shield
rNeg     . . .     Spirit   .   b - +0 scale mail
rPois    .         Reflect  .   (helmet restricted)
rElec    .         Harm     .   (no cloak)
rCorr    .         Rampage  .   (no gloves)
Will     +....                  (no boots)
Stlth    ..........             (no amulet)
HPRegen  0.22/turn              j - ring of protection from fire
MPRegen  0.11/turn              i - ring of willpower

@: no status effects
A: horns 2, retaliatory headbutt
a: Renounce Religion, Recite, Vitalisation, Imprison, Donate Gold


You were on level 8 of the Dungeon.
You worshipped Zin.
Zin was greatly pleased with you.
You visited 2 branches of the dungeon, and saw 11 of its levels.

You collected 1033 gold pieces.
You donated 328 gold pieces to Zin.

Inventory:

Hand Weapons
 a - a +1 flail (weapon)
 s - a +1 whip of pain
Armour
 b - a +0 scale mail (worn)
 c - a +0 kite shield (worn)
Jewellery
 i - a ring of willpower (right hand)
 j - a ring of protection from fire (left hand)
 q - a ring of ice
 t - a ring of protection from cold
Wands
 r - a wand of digging (4)
 x - a wand of paralysis (5)
Scrolls
 h - 3 scrolls of amnesia
 k - 2 scrolls of fear
 n - a scroll of fog
Potions
 d - a potion of heal wounds {unknown}
 e - a potion of brilliance
 f - 2 potions of invisibility {unknown}
 g - 3 potions of curing
 l - a potion of mutation {unknown}
 m - a potion of flight {unknown}
 v - a potion of haste


   Skills:
 + Level 5.5 Fighting
 * Level 9.7 Maces & Flails
 + Level 7.1 Armour
 + Level 2.7 Dodging
 * Level 7.8 Shields
 - Level 1.1 Spellcasting
 + Level 0.2 Invocations


You had 10 spell levels left.
You didn't know any spells.
Your spell library contained the following spells:

 Spells                   Type           Power      Damage    Failure   Level
 Animate Skeleton         Necr           0%         N/A       95%         1
 Apportation              Tloc           0%         N/A       95%         1
 Corona                   Hex            0%         N/A       95%         1
 Summon Small Mammal      Summ           0%         N/A       95%         1


Dungeon Overview and Level Annotations

Branches:
Dungeon (10/15)            Temple (1/1) D:6
   Lair: D:8-11         Orc: D:9-12

Altars:
Ashenzari
Cheibriados
Dithmenos
Fedhas
Makhleb
Nemelex Xobeh
Qazlal
Ru
Sif Muna
Trog
Vehumet
Yredelemnul
Zin

Shops:
D:3 !   D:10 :

Annotations:
D:6 2 transporters


Innate Abilities, Weirdness & Mutations

You have a pair of horns on your head.
You reflexively headbutt those who attack you in melee.


Message History

You swap places.
The boulder beetle completely misses your orc.
Your orc barely misses the boulder beetle.
You feel better. The boulder beetle bites your orc.
Your orc hits the boulder beetle but does no damage.
You feel better. The boulder beetle bites your orc!!
Your orc dies!
Your orc's corpse dissolves into shadows!
This is a scroll of acquirement!
Something appears at your feet!
The boulder beetle bites your water moccasin!!
Your water moccasin bites the boulder beetle but does no damage.
You pay a tithe of 68 gold.
You can now call upon Zin to imprison the lawless.
You now have 705 gold pieces (gained 612).
Your water moccasin bites the boulder beetle but does no damage.
The boulder beetle bites your water moccasin.
Your water moccasin dies!
Your water moccasin's corpse dissolves into shadows!
You swap places.
Your orc hits the boulder beetle with a +0 hand axe.
As you read the scroll labelled TEOJIPO ULUCEA, it crumbles to dust.
Your body is wracked with pain!
* * * LOW HITPOINT WARNING * * *
Your orc convulses! x2
The boulder beetle convulses!
Zin forgives your inadvertent evil act, just this once.
It was a scroll of torment.
The boulder beetle closely misses your orc.
Your orc hits the boulder beetle with a +0 hand axe.
As you read the scroll labelled JAETAT MUNO, it crumbles to dust.
The creatures around you are filled with an inner flame!
It was a scroll of immolation.
The boulder beetle bites your orc!!
Your orc's corpse dissolves into shadows!
Your orc explodes!
The fiery explosion engulfs the boulder beetle!!
Flame seeps out of the boulder beetle.
The boulder beetle is almost dead.
The fiery explosion engulfs you! You resist.
You die...

.^... ...
... .....
... .
#...###.##
.. #...#
§.. #.
#...# #.#
.K #...#
#o# #h#...
#@#
#..B####§#
#.>§l§B§#
#..######
#..# #..#
#..# ...#
##?.#


You could see a boulder beetle (inner flame, ally target) and a friendly orc
(summoned, inner flame).

Vanquished Creatures
  A troll (D:10)
  Prince Ribbit (D:5)
  Sigmund (D:6)
  A vampire mosquito (D:8)
  An acid dragon (D:10)
  An ice beast (D:6)
  3 ogres
  2 phantoms
  A kobold brigand (D:8)
  A gnoll sergeant (D:5)
  2 scorpions (D:4)
  A centaur zombie (D:10)
  A bullfrog zombie (D:6)
  3 hounds
  An orc priest (D:4)
  A jelly (D:4)
  A gnoll shaman (D:3)
  A centaur skeleton (D:5)
  3 iguanas
  2 orc wizards
  12 gnolls
  6 adders
  2 white imps
  An ufetubus (D:6)
  2 dart slugs
  10 orcs
  4 ball pythons
  5 endoplasms
  3 giant cockroaches
  12 goblins
  7 hobgoblins
  5 jackals
  6 kobolds
  5 quokkas
  6 bats
  3 frilled lizards
  A rat (D:1)
119 creatures vanquished.

Notes
Turn   | Place    | Note
-------+----------+-------------------------------------------
     0 | D:1      | Wyvernaa the Minotaur Fighter began the quest for the Orb.
     0 | D:1      | Reached XP level 1. HP: 19/19 MP: 0/0
   266 | D:1      | Reached XP level 2. HP: 27/27 MP: 1/1
   772 | D:1      | Reached XP level 3. HP: 28/33 MP: 2/2
   952 | D:2      | Noticed an ogre
   957 | D:2      | Killed an ogre
   958 | D:2      | Reached skill level 3 in Maces & Flails
   958 | D:2      | Reached skill level 1 in Dodging
   958 | D:2      | Reached XP level 4. HP: 5/40 MP: 2/4
  1378 | D:2      | Reached XP level 5. HP: 36/47 MP: 5/5
  1681 | D:2      | Reached skill level 1 in Spellcasting
  2175 | D:3      | Found Gon Teeg's Distillery.
  2458 | D:3      | Reached skill level 4 in Maces & Flails
  3069 | D:3      | Found a faded altar of an unknown god.
  3217 | D:4      | Identified the +7 hunting sling "Murmur" {flame, rPois
                  | Will+ Int-3}
  3228 | D:3      | Reached skill level 5 in Shields
  3232 | D:3      | Reached XP level 6. HP: 14/53 MP: 6/6
  3811 | D:4      | Reached skill level 5 in Armour
  3953 | D:4      | Reached skill level 5 in Maces & Flails
  4136 | D:4      | Reached XP level 7. HP: 35/60 MP: 7/7
  4430 | D:5      | Entered Level 5 of the Dungeon
  4725 | D:5      | Noticed Prince Ribbit
  4739 | D:5      | Killed Prince Ribbit
  4740 | D:5      | Reached skill level 6 in Maces & Flails
  5070 | D:5      | Found a stormy altar of Qazlal.
  5080 | D:5      | Found a snail-covered altar of Cheibriados.
  5207 | D:5      | Reached XP level 8. HP: 67/67 MP: 8/8
  5577 | D:5      | Reached skill level 7 in Maces & Flails
  5834 | D:6      | Found a transporter.
  5837 | D:6      | Noticed a kobold demonologist
  5887 | D:6      | Found a staircase to the Ecumenical Temple.
  5896 | D:6      | Reached skill level 5 in Fighting
  5902 | Temple   | Entered the Ecumenical Temple
  5999 | D:6      | Noticed Sigmund
  6011 | D:6      | Killed Sigmund
  6012 | D:6      | Reached skill level 8 in Maces & Flails
  6287 | D:6      | Found a glowing silver altar of Zin.
  6288 | D:6      | Found a basalt altar of Yredelemnul.
  6295 | D:6      | Became a worshipper of Zin the Law-Giver
  6295 | D:6      | Reached * piety under Zin
  6588 | D:6      | Reached skill level 9 in Maces & Flails
  6588 | D:6      | Donated 130 gold pieces to Zin
  6603 | D:6      | Reached ** piety under Zin
  6634 | D:6      | Found a transporter.
  7058 | D:7      | You fall into a shaft and drop 3 floors!
  7058 | D:10     | Entered Level 10 of the Dungeon
  7091 | D:10     | Noticed a troll
  7103 | D:10     | Killed a troll
  7451 | D:10     | Reached XP level 9. HP: 34/74 MP: 6/9
  7629 | D:10     | Donated 95 gold pieces to Zin
  7647 | D:10     | Found Cualane's Self-Improvement Boutique.
  7736 | D:8      | Noticed a troll
  7737 | D:8      | Noticed a guardian serpent
  7737 | D:8      | a troll changed into a guardian serpent
  7742 | D:8      | Noticed a boulder beetle
  7756 | D:8      | HP: 3/74 [boulder beetle (11)]
  7760 | D:8      | Identified a scroll of acquirement
  7760 | D:8      | Acquired 680 gold pieces
  7761 | D:8      | Reached *** piety under Zin
  7761 | D:8      | Reached **** piety under Zin
  7764 | D:8      | Killed by an exploding orc... ignited by their inner flame

Illustrated notes

Levels and vault maps discovered:
D:1:      dpeg_arrival_windows_large_door, layout_rooms
D:2:      layout_loops_ring
D:3:      minmay_skewed_foursquare, layout_basic,
          shapermc_ecumenical_altar_mp_urbaneastern, serial_shops,
          nicolae_shop_waterfront
D:4:      layout_loops_ring, kennysheep_generic_room_8
D:5:      layout_basic, overflow_temple_1_default, grunt_qazlal_clouds,
          minivault_5, uniq_prince_ribbit1
D:6:      gammafunk_wand_slinger, layout_loops_corners,
          gammafunk_temple_overflow_wave, minmay_temple_entry_statues_pillars,
          uniq_sigmund
D:7:      layout_basic, nzn_hepliaklqana_mist_gate, old_standard_altar
D:8:      minmay_the_grid_square_5x5_3x3 [minmay_the_grid_square_5x5_inset,
          minmay_the_grid_square_5x5_bracketed,
          minmay_the_grid_square_5x5_n_small, minmay_the_grid_square_5x5_n,
          minmay_the_grid_square_5x5_megaprize_diamond,
          minmay_the_grid_square_5x5_detours,
          minmay_the_grid_square_5x5_moneybag,
          minmay_the_grid_square_5x5_intrusive_squares,
          minmay_the_grid_square_5x5_tetrominoes], layout_basic,
          kennysheep_okawaru_gauntlet, general_overflow_altar, serial_shops,
          kennysheep_little_box, kennysheep_another_room, minmay_nine_imps,
          uniq_harold, uniq_maurice
D:9:      layout_basic, nicolae_elyvilon_peaceful_grove,
          due_lair_maze_entry_diamond, serial_aquarium, aquarium_bridge_square
          [aquarium_subvault_window, aquarium_subvault_wall,
          aquarium_subvault_bridge, aquarium_subvault_bridge],
          aquarium_bridge_long_separate [aquarium_subvault_wall,
          aquarium_subvault_bridge, aquarium_subvault_window,
          aquarium_subvault_window, aquarium_subvault_bridge,
          aquarium_subvault_wall], aquarium_window_1, aquarium_window_1,
          aquarium_window_corridor_2, aquarium_window_1, aquarium_view_2c,
          aquarium_view_2f, uniq_pikel
D:10:     layout_gridville, tso_oasis_becter, nicolae_overflow_hidden_temple,
          chequers_temple_overflow_statue_of_worship, nicolae_shop_self_help,
          uniq_josephine
Temple:   nicolae_temple_figure_zero

Skill      XL: |  1  2  3  4  5  6  7  8  9 |
---------------+----------------------------+-----
Fighting       | 4 5 |  5.5
Armour         | 4 5 6 7 |  7.1
Maces & Flails | 3 4 5 6 9 |  9.7
Dodging        | 1 2 |  2.7
Shields        | 4 5 6 7 |  7.8
Spellcasting   | 1 |  1.1
Invocations    | |  0.2

Action                   |  1- 3 |  4- 6 |  7- 9 || total
-------------------------+-------+-------+-------++-------
Melee: Flail             |    52 |   180 |   165 ||   397
       Headbutt          |     8 |    28 |    37 ||    73
Invok: Vitalisation      |       |       |     2 ||     2
       Donate Gold       |       |       |     2 ||     2
  Use: Potion            |     1 |     4 |     2 ||     7
       Scroll            |       |     6 |     8 ||    14
Armor: Scale mail        |    37 |    88 |    41 ||   166
       Skin              |       |    12 |       ||    12
Dodge: Dodged            |    25 |    56 |    67 ||   148
Block: Kite shield       |    52 |   131 |    77 ||   260

Table legend: (Time is in decaauts)
 A = Elapsed time spent in this place.
 B = Non-inter-level travel time spent in this place.
 C = Inter-level travel time spent in this place.
 D = Time resting spent in this place.
 E = Time spent auto-exploring this place.
 F = Levels seen in this place.
 G = Mean time per level.
                   A        B        C        D        E       F      G
               +--------+--------+--------+--------+--------+-----+--------+
         Total |   7875 |   7724 |    151 |   2112 |   4352 |  11 |  715.9 |
       Dungeon |   7789 |   7647 |    142 |   2112 |   4352 |  10 |  778.9 |
        Temple |     85 |     76 |      9 |      0 |      0 |   1 |   85.0 |
               +--------+--------+--------+--------+--------+-----+--------+

Top non-repeatable levels by time:
     D:3: 1505 daAuts
     D:5: 1327 daAuts
     D:6: 1218 daAuts
     D:1: 1170 daAuts
     D:2: 1038 daAuts
     D:4: 802 daAuts
    D:10: 653 daAuts
  Temple: 85 daAuts
     D:8: 42 daAuts
     D:7: 18 daAuts
     D:9: 12 daAuts
